 Dungeon Crawl Stone Soup version 0.17-a0-1404-gb8113a6 (webtiles) character file.

452512 Slowtrain the Bewitcher (level 24, -2/126 HPs)
             Began as a Vine Stalker Enchanter on June 17, 2015.
             Was the Champion of Dithmenos.
             Slain by a spriggan berserker
             ... wielding a +0 quarterstaff
             ... led by a spriggan berserker
              (9 damage)
             ... on level 4 of the Depths on June 21, 2015.
             The game lasted 08:00:03 (54907 turns).

Slowtrain the Bewitcher (Vine Stalker Enchanter)   Turns: 54907, Time: 08:00:04

Health: -2/126     AC: 31    Str: 13    XL:     24   Next: 32%
Magic:  0/40       EV: 27    Int: 20    God:    Dithmenos [******]
Gold:   1447       SH:  0    Dex: 26    Spells: 14 memorised, 2 levels left

rFire  + . .     SeeInvis +     V - +6 rapier (elec)
rCold  + . .     Clarity  .     K - +9 ring mail of the Stars {rElec MR+}
rNeg   + + .     SustAt   .     (no shield)
rPois  +         Gourm    .     x - +1 hat of the Griffon {+Inv rC+ Dex+2 Slay+2}
rElec  +         Spirit   +     S - +2 cloak
rCorr  .         Warding  +     Z - +3 pair of gauntlets of War {Slay+5}
rMut   .         Stasis   .     o - +2 pair of boots {Stlth+}
MR     ++++.                    j - brooch of Shielding {Ward rN+ AC+4 EV+4}
Stlth  +++++++...               d - ring of see invisible
                                p - ring "Wupyzor" {rPois rF+ rN+ Dex+4}

@: very slightly contaminated, hasted, repel missiles, very quick, incredibly
resistant to hostile enchantments, extremely stealthy
A: fangs 3, regeneration 3, magic shield, antimagic bite, no device heal 3, rot
immunity
a: Shadow Step, Shadow Form, Renounce Religion, Evoke Invisibility
}: 2/15 runes: decaying, gossamer


You were on level 4 of the Depths.
You worshipped Dithmenos.
Dithmenos was exalted by your worship.
You were not hungry.

You visited 9 branches of the dungeon, and saw 47 of its levels.
You also visited: Labyrinth, Trove, Ossuary and Ice Cave.

You collected 4783 gold pieces.
You spent 3336 gold pieces at shops.

Inventory:

Hand weapons
 t - a +0 longbow
 A - the +7 dagger of Forgiveness {pierce, rPois Str+4 Int+4}
   (You bought it in a shop on level 4 of the Dungeon)

   It inflicts extra damage upon your enemies.
   It affects your strength (+4).
   It affects your intelligence (+4).
   It protects you from poison.
 T - a +0 blowgun
 V - a +6 rapier of electrocution (weapon)
Missiles
 a - a throwing net (quivered)
 e - 459 arrows
 k - 21 curare-tipped needles
 r - 56 arrows of frost
Armour
 o - a +2 pair of boots of stealth (worn)
 x - the +1 hat of the Griffon (worn) {+Inv rC+ Dex+2 Slay+2}
   (You acquired it on level 10 of the Dungeon)

   It affects your dexterity (+2).
   It affects your accuracy and damage with ranged weapons and melee attacks
   (+2).
   It protects you from cold.
   It lets you turn invisible.
 K - the +9 ring mail of the Stars (worn) {rElec MR+}
   (You found it on level 2 of the Swamp)

   It insulates you from electricity.
   It affects your resistance to hostile enchantments.
 S - a +2 cloak (worn)
 Z - the +3 pair of gauntlets of War (worn) {Slay+5}
   (You found it on level 9 of the Dungeon)

   It affects your accuracy and damage with ranged weapons and melee attacks
   (+5).
Rods
 Y - a +0 iron rod (14/14)
   (You found it on level 15 of the Dungeon)
Jewellery
 d - a ring of see invisible (right hand)
 f - an uncursed amulet of clarity
 j - the brooch of Shielding (around neck) {Ward rN+ AC+4 EV+4}
   (You found it in an ice cave)

   [amulet of warding]

   It may prevent the melee attacks of summoned creatures.
   It affects your AC (+4).
   It affects your evasion (+4).
   It protects you from negative energy.
 m - a cursed amulet of resist mutation
 n - a +3 ring of slaying
 p - the ring "Wupyzor" (left hand) {rPois rF+ rN+ Dex+4}
   (You took it off a mummy priest on level 3 of the Crypt)

   [ring of positive energy]

   It affects your dexterity (+4).
   It protects you from fire.
   It protects you from poison.
   It protects you from negative energy.
 y - an uncursed ring of protection from fire
Magical devices
 w - a wand of cold (7)
 C - a wand of digging (22)
 H - a wand of hasting (5)
 N - a wand of disintegration (14)
 U - a wand of enslavement (4)
Scrolls
 g - 16 scrolls of remove curse
 h - 3 scrolls of vulnerability
 u - 8 scrolls of fog
 v - a scroll of magic mapping
 z - 2 scrolls of fear
 D - 6 scrolls of identify
 I - a scroll of blinking
 J - a scroll of enchant armour
 M - 7 scrolls of teleportation
 Q - 2 scrolls of summoning
Potions
 c - a potion of invisibility
 i - 4 potions of resistance
 l - 12 potions of curing
 q - 10 potions of brilliance
 B - a potion of flight
 E - 5 potions of might
 G - 3 potions of cancellation
 L - 3 potions of magic
 P - 2 potions of haste
 R - 4 potions of ambrosia
 W - a potion of agility
Books
 s - Sif Muna's Handbook of Bewitchment
   (You found it in a treasure trove)

   Spells                             Type                      Level
   a - Confusing Touch                Hexes                        2
   b - Slow                           Hexes                        2
   c - Summon Guardian Golem          Hexes/Summoning              3
   d - Silence                        Hexes/Air                    5
   e - Discord                        Hexes                        8
Miscellaneous
 X - a phial of floods
Comestibles
 b - 6 chunks of flesh
 F - 40 fruits
 O - 9 meat rations


   Skills:
 - Level 12.6 Fighting
 - Level 14.0 Short Blades
 - Level 14.0 Bows
 - Level 6.2 Armour
 - Level 12.6 Dodging
 - Level 15.2 Stealth
   Level 3.1 Shields
 - Level 12.5 Spellcasting
 - Level 5.0 Conjurations
 - Level 17.0 Hexes
 - Level 8.6 Translocations
 - Level 3.0 Ice Magic
 + Level 4.1 Air Magic
 - Level 11.1 Invocations
 - Level 10.2 Evocations


You had 2 spell levels left.
You knew the following spells:

 Your Spells              Type           Power        Failure   Level  Hunger
a - Silence               Hex/Air        ######....   4%          5    ####...
b - Ensorcelled Hibernat  Hex/Ice        ######       1%          2    None
c - Confuse               Hex            ######..     1%          3    None
d - Tukima's Dance        Hex            ######..     1%          3    None
e - Dazzling Spray        Conj/Hex       ######..     1%          3    None
f - Cause Fear            Hex            ######....   1%          4    None
g - Apportation           Tloc           #####.....   1%          1    None
h - Shroud of Golubria    Chrm/Tloc      ####......   3%          2    None
i - Passage of Golubria   Tloc           N/A          3%          4    None
j - Blink                 Tloc           N/A          1%          2    None
k - Portal Projectile     Tloc           #####.       1%          3    None
l - Mass Confusion        Hex            ######....   1%          6    #####..
n - Repel Missiles        Chrm/Air       ###...       10%         2    None
o - Invisibility          Hex            ######..     1%          6    #####..


Dungeon Overview and Level Annotations

Branches:
Dungeon (15/15) Temple (1/1) D:4 Lair (8/8) D:9 Swamp (4/4) Lair:4 Spider (4/4) Lair:5 Slime (0/6) Lair:7 Lair:8 Orc (4/4) D:9 Elf (0/3) Orc:4 Vaults (4/5) D:14 Crypt (3/3) Vaults:2 Tomb (0/3) Crypt:3 Depths (4/5) D:15

Altars:
Ashenzari
Dithmenos
Elyvilon
Fedhas
Gozag
Kikubaaqudgha
Makhleb
Nemelex Xobeh
Okawaru
Qazlal
Ru
Sif Muna
Trog
Xom
Yredelemnul
Zin
The Shining One
Jiyva
Lugonu

Shops:
D:4 (   D:11 (   D:13 :!:*?   Orc:4 !((:=****   Vaults:3 }   Depths:1 }

Portals:
Hell: Depths:1 Depths:2 Depths:3 Depths:4
Pandemonium: Depths:2 Depths:3
Ziggurat: Depths:4

Annotations:
D:2 Natasha
Depths:1 1 runed door


Innate Abilities, Weirdness & Mutations

You have razor-sharp teeth.
You regenerate.
When hurt, damage is shared between your health and your magic reserves.
Your bite disrupts and absorbs the magic of your enemies.
Potions and wands cannot restore your health.
You are immune to rotting.


Message History

* * * LOW HITPOINT WARNING * * *
You emit a cloud of dark smoke.
The hell knight hits you from afar with a glaive!
* * * LOW HITPOINT WARNING * * *
Unknown command.
The spriggan berserker hits you with a quarterstaff!
* * * LOW HITPOINT WARNING * * *
Unknown command.
Evoke which item? (* to show all) (? for menu, Esc to quit)
Zapping:
H - a wand of hasting (6)
Press: ? - help, Shift-Dir - straight line, f - you, p - spriggan berserker You feel yourself speed up.
You are very lightly contaminated with residual magic.
This wand has 5 charges left.
The hell knight hits you from afar with a glaive.
* * * LOW HITPOINT WARNING * * *
The spriggan berserker hits you with a quarterstaff!
* * * LOW HITPOINT WARNING * * *
The spriggan berserker hits you with a quarterstaff!
You die...

....#.#...(....##
................#
....#.#......##.#
...##.#.....# #.#
#.##.##....####.#
..i.##....)).##u#
#.###....###p##§## ........#
#.i.p§§## .....# ######)##
#.p##i@§## .#.#.#
###[####.§#§§#.§#####.....#
####..)).......###§.........#
......#####...##A##.........#
####.## #..##.∩.##........#
####'#### #...##.##.........#
........# #.#..###.....<....#
........###.#...#...........#
........+.........#.........#


You could see an angel, a hell knight and a spriggan berserker (berserk).

Vanquished Creatures
  Mennas (Vaults:2)
  Sojobo (Depths:1)
  Frederick (Vaults:4)
  the Lernaean hydra (Swamp:4)
  Saint Roka (Depths:1)
  A caustic shrike (Depths:4)
  A golden dragon (Depths:3)
  2 profane servitors (Crypt:3)
  8 liches
  Rupert (Lair:6)
  A quicksilver dragon (Depths:3)
  Gastronok (Lair:1)
  2 sphinxes
  8 ancient champions
  Agnes (D:14)
  Frances (Vaults:4)
  A storm dragon (Vaults:4)
  Kirke (D:15)
  6 tengu reavers
  5 fire giants
  An iron dragon (Depths:3)
  2 draconian knights (Vaults:4)
  4 ghost moths (Spider:4)
  6 emperor scorpions
  Aizul (Swamp:1)
  5 frost giants
  8 vault wardens
  A curse skull (Crypt:3)
  5 ghouls
  6 ironheart preservers
  11 stone giants
  A caustic shrike skeleton (Depths:2)
  A reaper (Crypt:3)
  A spriggan defender (Vaults:4)
  8 very ugly things
  3 deep elf annihilators
  4 vampire knights
  Snorg (Orc:1)
  A green death (Depths:3)
  A crystal guardian (Vaults:4)
  6 eidola
  6 fire dragons
  14 jiangshi
  A minotaur (Lab)
  3 deep elf death magi
  6 great orbs of eyes
  A quicksilver dragon zombie (Crypt:1)
  Josephine (Lair:6)
  2 mummy priests (Crypt:3)
  7 ettins
  6 entropy weavers
  8 vault guards
  A deep elf high priest (Depths:4)
  Fannar (Orc:2)
  28 hydras
  6 ice dragons
  5 spriggan air magi
  6 yaktaur captains
  A ghost crab (Swamp:3)
  3 rakshasas
  8 centaur warriors
  3 catoblepae
  2 monstrous demonspawn
  6 death knights
  3 salamander stormcallers
  8 ogre magi
  7 death yaks
  7 alligators
  8 deep troll shamans
  A tengu warrior (Depths:1)
  7 deep troll earth magi
  2 spriggan berserkers
  2 titan zombies (Crypt:3)
  3 orc high priests (Orc:4)
  3 soul eaters
  A storm dragon zombie (Vaults:3)
  3 hell hogs (Depths:1)
  4 spriggans
  Sonja (D:14)
  8 vampire magi
  Nergalle (D:10)
  13 hell knights
  4 shadow wraiths
  7 iron trolls
  An ice devil (Depths:2)
  7 deep elf knights
  A ball lightning (Depths:1)
  3 unseen horrors (Vaults:1)
  37 skeletal warriors
  A storm dragon skeleton (Crypt:3)
  7 flayed ghosts
  A shambling mangrove (Swamp:4)
  10 wizards
  13 swamp dragons
  10 hill giants
  An ice statue (IceCv)
  A deep elf summoner (Vaults:2)
  7 orc sorcerers
  22 wolf spiders
  10 harpies
  An anaconda skeleton (Crypt:3)
  10 necromancers
  19 deep trolls
  14 ironbrand convokers
  11 phantasmal warriors
  14 orc knights
  The ghost of bal the Ducker, an experienced VSMo of Qazlal (D:13)
  20 orb spiders
  38 ugly things
  9 hornets
  9 griffons
  5 cyclopes
  A harpy (shapeshifter) (Vaults:2)
  A lindwurm (Lair:8)
  2 frost giant zombies
  7 vault sentinels
  2 moths of wrath
  A rust devil (Depths:3)
  A sixfirhy (Depths:2)
  A frost giant skeleton (Crypt:2)
  A moth of wrath (shapeshifter) (Depths:3)
  2 stone giant skeletons
  4 centaur zombies
  A guardian serpent (shapeshifter) (Vaults:1)
  9 elephants
  4 black mambas
  4 gargoyles
  Psyche (D:8)
  A shock serpent skeleton (Crypt:1)
  3 torpor snails
  2 centaur skeletons
  2 human zombies
  A yaktaur zombie (Vaults:4)
  A redback zombie (Crypt:1)
  A komodo dragon (shapeshifter) (Vaults:3)
  17 spiny frogs
  A yaktaur (shapeshifter) (Vaults:4)
  6 kobold demonologists
  An efreet (D:9)
  7 demonic crawlers
  2 red devils
  8 komodo dragons
  43 yaktaurs
  A green draconian skeleton (Crypt:1)
  A human skeleton (Vaults:2)
  3 fire drakes
  17 polar bears
  A red draconian skeleton (Crypt:3)
  6 guardian mummies (Crypt:3)
  2 harpy zombies
  A deep elf priest (Vaults:1)
  A fire drake (shapeshifter) (Vaults:3)
  22 jumping spiders
  10 trolls
  10 freezing wraiths
  3 boulder beetles
  3 giant leeches
  A tengu simulacrum (Vaults:4)
  22 slime creatures
  4 flying skulls (Crypt:1)
  7 blink frogs
  An ettin zombie (Depths:2)
  A hydra skeleton (Crypt:3)
  14 trapdoor spiders
  5 vampires
  2 bog bodies
  5 deep elf magi
  An ettin skeleton (Vaults:3)
  A trapdoor spider (shapeshifter) (Vaults:4)
  13 two-headed ogres
  Sigmund (D:5)
  A wind drake zombie (Crypt:3)
  2 wyverns
  A griffon skeleton (Crypt:3)
  13 wraiths
  6 air elementals
  5 shadows
  26 tarantellas
  6 deep elf fighters
  A fire dragon skeleton (Crypt:3)
  A golden eye (shapeshifter) (Vaults:1)
  A basilisk (shapeshifter) (Vaults:4)
  A hill giant zombie (Crypt:2)
  75 redbacks
  44 yaks
  5 basilisks
  28 wolves
  8 hippogriffs
  16 humans (Vaults:1)
  A mottled dragon (Vaults:1)
  11 vampire mosquitoes
  A redback simulacrum (Vaults:1)
  Menkaure (D:5)
  5 hungry ghosts
  A soldier ant (shapeshifter) (Vaults:4)
  2 wargs
  A naga (Lair:6)
  15 swamp worms
  27 insubstantial wisps
  A putrid demonspawn zombie (Crypt:1)
  4 soldier ants
  An infernal demonspawn zombie (Crypt:1)
  23 water moccasins
  6 hell hounds (Depths:1)
  A monstrous demonspawn skeleton (Crypt:3)
  An ettin simulacrum (Vaults:3)
  An ice beast (D:8)
  8 porcupines
  11 swamp drakes
  2 black bears (Lair:8)
  A phantom (D:11)
  29 spiders
  11 sky beasts
  A spider (shapeshifter) (Depths:2)
  An ice dragon simulacrum (Crypt:1)
  35 ogres
  19 centaurs
  An eye of draining (D:14)
  A boggart (shapeshifter) (Depths:1)
  15 boggarts
  A spiny frog skeleton (Crypt:2)
  17 wasps
  25 orc warriors
  20 crocodiles
  5 necrophages
  6 big kobolds
  An octopode zombie (Crypt:3)
  Blork the orc (D:4)
  2 earth elementals (Depths:2)
  25 giant frogs
  3 water moccasin zombies (Ossuary)
  2 wyvern zombies
  3 scorpions
  A cyclops skeleton (Crypt:2)
  A polar bear zombie (Crypt:2)
  2 vampire bats (Orc:2)
  11 killer bees
  4 wights
  6 electric eels
  2 human simulacra
  4 crimson imps
  A giant frog zombie (D:9)
  A quasit (D:13)
  A wolf skeleton (Crypt:2)
  A black bear zombie (Crypt:1)
  2 jellies
  5 hounds
  10 orc priests
  A giant frog skeleton (D:12)
  Natasha (D:2)
  11 iguanas
  27 orc wizards
  8 worker ants
  4 lightning spires (Depths:1)
  4 big kobold zombies (Ossuary)
  37 sheep
  A big kobold skeleton (Crypt:2)
  2 hound skeletons
  2 mummies (Ossuary)
  13 adders
  3 shadow imps
  A swamp drake skeleton (Crypt:3)
  7 gnolls
  37 river rats
  2 adder skeletons (D:5)
  4 adder zombies
  A halfling skeleton (Crypt:2)
  5 worms
  7 giant geckos
  145 orcs
  A bat skeleton (D:4)
  5 giant cockroaches
  A gnoll zombie (Ossuary)
  23 goblins
  16 hobgoblins
  6 jackals
  33 kobolds
  2 quokkas
  A ball python skeleton (D:5)
  19 bats
  7 giant newts
  A giant newt skeleton (Crypt:2)
  6 hobgoblin zombies
  A jackal zombie (Crypt:2)
  6 kobold zombies (Ossuary)
  An orc zombie (Ossuary)
  A quokka zombie (D:5)
  17 rats
  A fungus (Swamp:1)
  15 plants
2047 creatures vanquished.

Vanquished Creatures (collateral kills)
  Nikola (Depths:1)
  Arachne (Spider:3)
  An ancient champion (Crypt:1)
  A tengu reaver (Depths:4)
  3 vault wardens
  An ironheart preserver (Vaults:1)
  A reaper (Depths:2)
  2 ettins
  2 vault guards (Vaults:1)
  A death knight (Crypt:3)
  A tengu warrior (Depths:1)
  3 hell knights (Depths:1)
  A deep elf knight (Vaults:1)
  A skeletal warrior (D:15)
  A flayed ghost (Crypt:3)
  2 wizards (Vaults:1)
  An orc knight (Orc:4)
  7 ironbrand convokers
  A necromancer (Vaults:1)
  A wolf spider (Spider:2)
  3 vault sentinels
  A demonic crawler (Spider:3)
  5 two-headed ogres
  A tengu conjurer (Depths:1)
  A redback (Spider:2)
  An air elemental (Depths:1)
  2 wraiths (Crypt:3)
  A tarantella (Spider:4)
  A spider (Spider:3)
  7 orc warriors
  An ogre (Depths:1)
  2 wights (D:6)
  5 orc priests
  An orc wizard (Orc:4)
  10 orcs
  A hobgoblin (D:6)
  A kobold (D:13)
77 creatures vanquished.

Vanquished Creatures (others)
  A lich (Depths:2)
  A tengu reaver (Depths:1)
  A deep elf sorcerer (Depths:2)
  A vault warden (Vaults:3)
  A great orb of eyes (Depths:2)
  A yaktaur captain (Depths:1)
  21 dancing weapons
  A deep troll shaman (Depths:2)
  A ball lightning (Depths:1)
  An ironbrand convoker (Vaults:4)
  A wolf spider (Spider:2)
  8 yaktaurs
  A tarantella (Spider:2)
  A human (D:15)
  A swamp worm (Swamp:4)
  3 centaurs (Depths:2)
  A crocodile (shapeshifter) (Vaults:1)
  A necrophage (Vaults:1)
  A crimson imp (D:15)
  6 fungi
  2 lost souls
  6 plants
62 creatures vanquished.

Grand Total: 2186 creatures vanquished

Notes
Turn   | Place    | Note
--------------------------------------------------------------
     0 | D:1      | Slowtrain the Vine Stalker Enchanter began the quest for the Orb.
     0 | D:1      | Reached XP level 1. HP: 9/9 MP: 4/4
    53 | D:1      | Reached skill level 1 in Short Blades
   309 | D:1      | Reached XP level 2. HP: 11/13 MP: 3/6
   338 | D:1      | Learned a level 2 spell: Ensorcelled Hibernation
   365 | D:1      | Found a shattered altar of Ashenzari.
   829 | D:1      | Reached skill level 1 in Ice Magic
  1018 | D:2      | Noticed Natasha
  1020 | D:2      | Killed Natasha
  1020 | D:2      | Reached XP level 3. HP: 16/16 MP: 7/7
  1129 | D:2      | Noticed Natasha
  1398 | D:2      | Learned a level 3 spell: Confuse
  1419 | D:2      | Reached XP level 4. HP: 21/21 MP: 5/8
  2105 | D:2      | Reached skill level 4 in Hexes
  2517 | D:3      | Reached XP level 5. HP: 24/24 MP: 9/9
  2748 | D:3      | Found a burning altar of Makhleb.
  3663 | D:4      | Found Kemecux's Antique Weapon Shop.
  3667 | D:4      | Bought a transparent dagger for 175 gold pieces
  3706 | D:4      | Identified the +7 dagger of Forgiveness {pierce, rPois Str+4 Int+4} (You bought it in a shop on level 4 of the Dungeon)
  3809 | D:4      | Found a sand-covered staircase.
  3820 | Ossuary  | Entered an ossuary
  3843 | Ossuary  | Reached skill level 5 in Hexes
  3843 | Ossuary  | Gained mutation: You heal very quickly. [Vine Stalker growth]
  3843 | Ossuary  | Reached XP level 6. HP: 26/28 MP: 8/10
  4031 | Ossuary  | Reached XP level 7. HP: 29/32 MP: 9/11
  4159 | D:4      | Found an opulent altar of Gozag.
  4293 | D:4      | Learned a level 3 spell: Tukima's Dance
  4448 | D:4      | Reached skill level 6 in Hexes
  4720 | D:4      | Noticed Blork the orc
  4731 | D:4      | Killed Blork the orc
  4779 | D:4      | Found a staircase to the Ecumenical Temple.
  5023 | D:5      | Entered Level 5 of the Dungeon
  5027 | D:5      | Noticed Menkaure
  5125 | Temple   | Entered the Ecumenical Temple
  5142 | Temple   | Became a worshipper of Dithmenos the Shadowed
  5259 | D:5      | Killed Menkaure
  5259 | D:5      | Reached skill level 5 in Stealth
  5259 | D:5      | Gained mutation: You have razor-sharp teeth. [Vine Stalker growth]
  5259 | D:5      | Reached XP level 8. HP: 21/36 MP: 7/12
  5310 | D:5      | Reached skill level 5 in Short Blades
  5385 | D:5      | Found a sparkling altar of Nemelex Xobeh.
  5401 | D:5      | Noticed Sigmund
  5426 | D:5      | Killed Sigmund
  5566 | D:5      | Found a basalt altar of Yredelemnul.
  5772 | D:6      | Found a shimmering altar of Xom.
  5909 | D:6      | Reached skill level 7 in Stealth
  6466 | D:6      | Reached XP level 9. HP: 39/39 MP: 13/15
  6483 | D:6      | Found a stormy altar of Qazlal.
  6693 | D:7      | Learned a level 3 spell: Dazzling Spray
  7590 | D:7      | Found a deep blue altar of Sif Muna.
  7737 | D:8      | Acquired Dithmenos's first power
  7937 | D:8      | Got a transparent leather armour
  8039 | D:8      | Noticed Psyche
  8045 | D:8      | Killed Psyche
  8045 | D:8      | Reached skill level 8 in Short Blades
  8088 | D:8      | Identified the +1 leather armour of Insatiable Hunger {rCorr} (You found it on level 8 of the Dungeon)
  8487 | D:9      | Found a staircase to the Orcish Mines.
  8534 | D:9      | Reached XP level 10. HP: 44/44 MP: 17/17
  8537 | D:9      | Noticed a stone giant
  8537 | D:9      | Noticed a white ugly thing
  8560 | D:9      | Noticed a hill giant
  8678 | D:9      | Reached skill level 9 in Short Blades
  8830 | D:9      | Found a staircase to the Lair.
  8922 | D:9      | Noticed a komodo dragon
  8926 | D:9      | Acquired Dithmenos's second power
  8935 | D:9      | Killed a komodo dragon
  8953 | D:9      | Found an iron altar of Okawaru.
  9121 | D:10     | Entered Level 10 of the Dungeon
  9164 | D:10     | Reached skill level 1 in Invocations
  9284 | D:10     | Noticed a hill giant
  9290 | D:10     | Killed a hill giant
  9290 | D:10     | Reached skill level 1 in Evocations
  9373 | D:10     | Reached skill level 10 in Short Blades
  9383 | D:10     | Reached skill level 1 in Conjurations
  9488 | D:10     | Noticed a hill giant
  9492 | D:10     | Killed a hill giant
  9492 | D:10     | Reached XP level 11. HP: 47/47 MP: 13/18
  9746 | D:10     | Identified 2 scrolls of acquirement
  9747 | D:10     | Got a spiked hat
  9753 | D:10     | Identified the +1 hat of the Griffon {+Inv rC+ Dex+2 Slay+2} (You acquired it on level 10 of the Dungeon)
  9916 | D:10     | Noticed Nergalle
  9932 | D:10     | Killed Nergalle
 10394 | D:11     | Found an opulent altar of Gozag.
 10464 | D:11     | Reached skill level 5 in Conjurations
 10482 | D:11     | Acquired Dithmenos's third power
 10498 | D:11     | Reached skill level 5 in Evocations
 10736 | D:11     | Noticed a hill giant
 10749 | D:11     | Killed a hill giant
 10807 | D:11     | Found Jethredgh's Antique Weapon Boutique.
 11014 | D:11     | Noticed a hill giant
 11019 | D:11     | Killed a hill giant
 11164 | D:12     | Reached skill level 1 in Fighting
 11383 | D:12     | Reached skill level 10 in Stealth
 11476 | D:12     | Gained mutation: You regenerate. [Vine Stalker growth]
 11476 | D:12     | Reached XP level 12. HP: 54/56 MP: 11/19
 11626 | D:12     | Noticed a hill giant
 11635 | D:12     | Killed a hill giant
 12136 | Lair:1   | Entered Level 1 of the Lair of Beasts
 12322 | Lair:1   | Noticed a seven-headed hydra
 12337 | Lair:1   | Killed a seven-headed hydra
 12372 | Lair:1   | Reached skill level 5 in Fighting
 12373 | Lair:1   | Noticed Gastronok
 12386 | Lair:1   | Acquired Dithmenos's fourth power
 12553 | Lair:1   | Killed Gastronok
 13947 | Lair:2   | Reached skill level 5 in Spellcasting
 14344 | Lair:3   | Reached XP level 13. HP: 59/67 MP: 17/23
 14509 | Lair:3   | Found a labyrinth entrance.
 14532 | Lab      | Entered a labyrinth
 15195 | Lab      | Noticed a minotaur
 15207 | Lab      | Killed a minotaur
 15209 | Lab      | Got a clouded granite ring
 15227 | Lab      | Got a dazzling flail
 15928 | Lair:4   | Found a frozen archway.
 15972 | IceCv    | Entered an ice cave
 15979 | IceCv    | Reached skill level 10 in Hexes
 15983 | IceCv    | Reached skill level 5 in Dodging
 16719 | IceCv    | Noticed a frost giant
 16799 | IceCv    | Killed a frost giant
 16905 | Lair:4   | Found a staircase to the Swamp.
 17051 | Lair:4   | Reached XP level 14. HP: 73/73 MP: 13/24
 17165 | Lair:4   | Found a basalt altar of Yredelemnul.
 17298 | Lair:4   | Identified the ring of Fixation {SustAt rF+ rC+ MR- Slay+5} (You found it in a labyrinth)
 17964 | Lair:5   | Found a hole to the Spider Nest.
 17989 | Lair:5   | Learned a level 4 spell: Cause Fear
 18656 | Lair:6   | Noticed Rupert
 18667 | Lair:6   | Killed Rupert
 19178 | Lair:7   | Found a staircase to the Slime Pits.
 19251 | Lair:6   | Noticed Josephine
 19267 | Lair:6   | Killed Josephine
 19267 | Lair:6   | Reached skill level 10 in Evocations
 19288 | Lair:6   | Found a staircase to the Snake Pit.
 19289 | Lair:6   | Reached skill level 11 in Hexes
 20705 | Lair:8   | Entered Level 8 of the Lair of Beasts
 20709 | Lair:8   | Reached XP level 15. HP: 77/77 MP: 27/27
 20797 | Lair:8   | Found a viscous altar of Jiyva.
 20797 | Lair:8   | Found a staircase to the Slime Pits.
 20954 | Lair:8   | Reached skill level 12 in Hexes
 22080 | Lair:6   | Upgraded the game from 0.17-a0-1397-g0eee0a3 to 0.17-a0-1399-gd5b76e1
 22268 | D:9      | Noticed an efreet
 22278 | D:9      | Killed a stone giant
 22282 | D:9      | Killed a hill giant
 22288 | D:9      | Killed a white ugly thing
 22297 | D:9      | Killed an efreet
 22332 | D:9      | Got a pitted chain mail
 22370 | Orc:1    | Entered Level 1 of the Orcish Mines
 22370 | Orc:1    | Noticed Snorg
 22372 | Orc:1    | Killed Snorg
 22488 | Orc:1    | You fall through a shaft!
 23932 | Orc:2    | Noticed Fannar
 23935 | Orc:2    | Killed Fannar
 24013 | Orc:4    | Entered Level 4 of the Orcish Mines
 24187 | Orc:4    | Found Joenus's Assorted Antiques.
 24187 | Orc:4    | Found Jemp's Assorted Antiques.
 24190 | Orc:4    | Found Vinil's General Store.
 24190 | Orc:4    | Found Veetubig's General Store.
 24208 | Orc:4    | Bought a scroll of identify for 44 gold pieces
 24208 | Orc:4    | Bought a scroll of identify for 44 gold pieces
 24215 | Orc:4    | Bought a shiny lead wand for 84 gold pieces
 24216 | Orc:4    | Bought a scroll labeled ZASSIE VOQAALO for 21 gold pieces
 24281 | Orc:4    | Found a staircase to the Elven Halls.
 24286 | Orc:4    | Found Xupnascha's Weapon Emporium.
 24357 | Orc:4    | Found Restral's Book Boutique.
 24364 | Orc:4    | Found Nivvon Lyxae's Distillery.
 24370 | Orc:4    | Found Axooligh's Jewellery Emporium.
 24377 | Orc:4    | Found Jagesosh's Antique Weapon Emporium.
 24644 | Orc:4    | Reached skill level 10 in Spellcasting
 24675 | Orc:4    | Bought a book of Spatial Translocations for 975 gold pieces
 24677 | Orc:4    | Learned a level 1 spell: Apportation
 24680 | Orc:4    | Learned a level 2 spell: Shroud of Golubria
 24685 | Orc:4    | Learned a level 4 spell: Passage of Golubria
 24753 | Orc:4    | Bought a scroll of acquirement for 624 gold pieces
 24935 | D:13     | Found Goasyem's Book Boutique.
 24976 | D:13     | Found Muom's Distillery.
 24979 | D:13     | Bought a potion of haste for 150 gold pieces
 25052 | D:13     | Noticed bal's ghost (experienced VSMo)
 25065 | D:13     | Killed bal's ghost
 25095 | D:13     | Reached skill level 1 in Translocations
 25111 | D:13     | Found Yclyeluph's General Store.
 25139 | D:13     | Found Ysomer's Book Shoppe.
 25144 | D:13     | Bought a scroll of identify for 34 gold pieces
 25273 | D:13     | Found a glowing silver altar of Zin.
 25742 | D:13     | Found Cubbosi's Magic Scroll Boutique.
 25746 | D:13     | Bought a scroll of identify for 30 gold pieces
 25746 | D:13     | Bought a scroll of identify for 30 gold pieces
 25842 | D:14     | Noticed Sonja
 25859 | D:14     | Killed Sonja
 25995 | D:14     | Reached XP level 16. HP: 81/83 MP: 31/31
 26097 | D:14     | Reached skill level 5 in Translocations
 26105 | D:14     | Found a gate to the Vaults.
 26131 | D:14     | Noticed Agnes
 26133 | D:14     | Killed Agnes
 26133 | D:14     | Reached XP level 17. HP: 86/86 MP: 25/32
 26207 | D:14     | Found a bloodstained altar of Trog.
 27063 | D:15     | Entered Level 15 of the Dungeon
 27120 | D:15     | Noticed Kirke
 27123 | D:15     | Killed Kirke
 27934 | D:15     | Found a staircase to the Depths.
 28285 | Swamp:1  | Entered Level 1 of the Swamp
 28292 | Swamp:1  | Noticed Aizul
 28319 | Swamp:1  | Killed Aizul
 28409 | Swamp:1  | Reached skill level 1 in Bows
 28965 | D:12     | Learned a level 2 spell: Blink
 28969 | D:12     | Learned a level 3 spell: Portal Projectile
 29668 | Swamp:2  | Got a dazzling ring mail
 29696 | Swamp:2  | Reached skill level 5 in Bows
 29853 | Swamp:2  | Identified the +9 ring mail of the Stars {rElec MR+} (You found it on level 2 of the Swamp)
 30025 | Spider:1 | Entered Level 1 of the Spider Nest
 30658 | Spider:1 | Reached skill level 13 in Hexes
 31116 | Spider:2 | Reached skill level 1 in Armour
 31273 | Spider:2 | Reached XP level 18. HP: 84/92 MP: 33/33
 31838 | Spider:2 | Got a bound amethyst amulet
 32051 | Spider:3 | Noticed Arachne
 32060 | Spider:3 | Killed Arachne
 32124 | Spider:3 | Identified the amulet of Caam {+Rage Int+3 Slay+4} (You found it on level 2 of the Spider Nest)
 32496 | Spider:3 | Reached skill level 5 in Armour
 32739 | Spider:4 | Entered Level 4 of the Spider Nest
 33349 | Spider:4 | Reached skill level 10 in Bows
 33583 | Spider:4 | Got a gossamer rune of Zot
 34054 | Vaults:1 | Entered Level 1 of the Vaults
 34056 | Vaults:1 | Reached skill level 5 in Invocations
 34143 | Vaults:1 | Got a scorched ring mail
 34172 | Vaults:1 | Reached XP level 19. HP: 96/96 MP: 34/34
 34221 | Vaults:1 | Identified the +1 ring mail of Parlour Games {-Tele rPois rF++ Dex+4} (You found it on level 1 of the Vaults)
 34847 | Vaults:1 | Found a portal to a secret trove of treasure.
 35879 | Vaults:1 | Was placed under penance by Dithmenos
 35917 | Vaults:1 | Was forgiven by Dithmenos
 36511 | Vaults:2 | Found a staircase to the Crypt.
 36511 | Vaults:2 | Found a basalt altar of Yredelemnul.
 36511 | Vaults:2 | Found an ancient bone altar of Kikubaaqudgha.
 36516 | Vaults:2 | Reached skill level 10 in Invocations
 36821 | Vaults:2 | Reached skill level 14 in Stealth
 36843 | Vaults:2 | Reached XP level 20. HP: 87/100 MP: 35/35
 38391 | D:13     | Bought a book of Dreams for 1125 gold pieces
 38398 | D:13     | Learned a level 6 spell: Mass Confusion
 38594 | Vaults:3 | Reached skill level 15 in Stealth
 38904 | Vaults:3 | Found Diceyh's Gadget Boutique.
 39904 | Vaults:4 | Reached skill level 15 in Hexes
 40174 | Vaults:4 | Noticed Frances
 40174 | Vaults:4 | Noticed Frederick
 40404 | Vaults:4 | Killed Frederick
 40467 | Vaults:4 | Killed Frances
 40707 | Vaults:4 | Reached XP level 21. HP: 98/105 MP: 31/36
 40712 | Vaults:4 | Reached skill level 16 in Hexes
 41850 | Swamp:4  | Entered Level 4 of the Swamp
 41943 | Swamp:4  | Learned a level 3 spell: Gell's Gravitas
 41996 | Swamp:4  | Noticed the 27-headed Lernaean hydra
 42018 | Swamp:4  | Killed the 27-headed Lernaean hydra
 42200 | Swamp:4  | Got a decaying rune of Zot
 42768 | Depths:1 | Entered Level 1 of the Depths
 42812 | Depths:1 | Noticed Sojobo
 42813 | Depths:1 | Noticed Nikola
 42846 | Depths:1 | Killed Nikola
 42900 | Depths:1 | Killed Sojobo
 42900 | Depths:1 | Reached skill level 17 in Hexes
 42960 | Depths:1 | Found a gateway to Hell.
 43158 | Depths:1 | Found a runed door.
 43339 | Depths:1 | Noticed Saint Roka
 43365 | Depths:1 | Killed Saint Roka
 43515 | Depths:1 | Found Qasoungu's Gadget Boutique.
 44994 | Vaults:1 | Reached XP level 22. HP: 82/109 MP: 37/37
 45094 | Vaults:1 | You paid a toll of a +5 demon whip to enter a treasure trove
 45095 | Trove    | Entered a treasure trove
 45115 | Trove    | Identified Sif Muna's Incunabulum of Malediction
 45118 | Trove    | Identified Xeics's Almanac of Captivating Confrontation
 45131 | Trove    | Identified Saud Dub's Sophisticated Spellweaving
 45137 | Trove    | Identified Sif Muna's Handbook of Bewitchment
 45153 | Trove    | Identified the Handbook of Fire and Darkness
 45183 | Vaults:1 | Learned a level 2 spell: Repel Missiles
 46388 | Depths:2 | Found a one-way gate leading to the halls of Pandemonium.
 46787 | Depths:2 | Upgraded the game from 0.17-a0-1399-gd5b76e1 to 0.17-a0-1403-g9df874c
 46913 | Depths:3 | Got a glittering lapis lazuli ring
 46914 | Depths:3 | Identified the ring "Kicwo" {rN+ Dex+4 Stlth+} (You found it on level 3 of the Depths)
 47102 | Depths:3 | Got a warped ring mail
 47105 | Depths:3 | Identified the cursed +1 ring mail of Imir {+Inv SInv} (You found it on level 3 of the Depths)
 48039 | Depths:3 | Got a ring of the Octopus King
 48040 | Depths:3 | Identified a ring of the Octopus King {rN+ AC+1 EV+1 Str+1 Int+1 Dex+1} (You took it off a frost giant on level 3 of the Depths)
 48346 | Depths:3 | Learned a level 6 spell: Invisibility
 48464 | Depths:4 | Noticed a caustic shrike
 48506 | Depths:4 | HP: 1/109 [acid (5)]
 49052 | Crypt:1  | Entered Level 1 of the Crypt
 49066 | Crypt:1  | Reached XP level 23. HP: 113/113 MP: 40/40
 49077 | Crypt:1  | Noticed Mennas
 49129 | Vaults:2 | Killed Mennas
 49226 | Crypt:1  | Reached skill level 10 in Dodging
 50286 | Crypt:1  | Reached skill level 10 in Fighting
 51497 | Crypt:3  | Entered Level 3 of the Crypt
 51604 | Crypt:3  | Was placed under penance by Dithmenos
 51747 | Crypt:3  | Was forgiven by Dithmenos
 51850 | Crypt:3  | Found a corrupted altar of Lugonu.
 52200 | Crypt:2  | HP: 4/119 [jiangshi (4)]
 52606 | Crypt:3  | Found a staircase to the Tomb.
 52751 | Crypt:3  | Reached XP level 24. HP: 121/124 MP: 38/40
 53711 | Crypt:3  | Got a vibrating marble ring
 53712 | Crypt:3  | Identified the ring "Wupyzor" {rPois rF+ rN+ Dex+4} (You took it off a mummy priest on level 3 of the Crypt)
 53771 | Crypt:3  | Found a basalt altar of Yredelemnul.
 53797 | Crypt:3  | Got a pitted platinum ring
 53798 | Crypt:3  | Identified the ring of Atsu Tur {rN+ Dex+4} (You took it off a guardian mummy on level 3 of the Crypt)
 53799 | Crypt:3  | Found an ancient bone altar of Kikubaaqudgha.
 53868 | Crypt:3  | Identified the Almanac of Translocation and Aid (You found it on level 3 of the Crypt)
 53890 | Crypt:3  | Upgraded the game from 0.17-a0-1403-g9df874c to 0.17-a0-1404-gb8113a6
 54542 | Depths:1 | Learned a level 5 spell: Silence
 54613 | Depths:3 | Reached skill level 1 in Air Magic
 54653 | Depths:4 | Found a gateway to a ziggurat.
 54835 | Depths:4 | Killed a caustic shrike
 54906 | Depths:4 | HP: 6/126 [spriggan berserker/quarterstaff[a spriggan berserker] (8)]
 54907 | Depths:4 | Slain by a spriggan berserker

Vault maps used:
D:1:      minmay_arrival_plants_in_alcoves, evilmike_ruin_ashenzari
D:2:      uniq_natasha
D:3:      lemuel_doored_altar, first_bread
D:4:      lemuel_crystal_altar, minmay_temple_entry_from_below_a, serial_shops,
          shop, enter_ossuary_3, uniq_blork_the_orc
D:5:      kennysheep_mini, hangedman_decor_diamond_cutter,
          nemelex_xobeh_ov_fountains_minmay, uniq_menkaure, uniq_sigmund
D:6:      nicolae_overflow_hidden_temple, basic_altar
D:7:      lemuel_blue_sif_altar
D:8:      blue_anna_alchemist, uniq_psyche
D:9:      okawaru_trees_2, david_lair_shrubbed, orc_0_dummy,
          onia_ninara_dug_in_and_dangerous
D:10:     uniq_nergalle
D:11:     serial_shops, nicolae_shop_waterfront, basic_altar
D:13:     basic_altar, serial_shops, shop, shop_statue,
          nicolae_shop_temple_entry_statues_fountains, nicolae_shop_stone,
          shop_fountains, nrook_mini_backslash, grunt_ministairs_8
D:14:     david_vaults_1, trog_ov_bears_minmay, uniq_agnes, uniq_sonja
D:15:     grunt_enter_depths_snipers, minmay_curled_crystal, uniq_kirke
Temple:   water_room_temple_a_12
Lair:1:   statuecave_lemuel, uniq_gastronok
Lair:2:   serial_bayou_lagoon_b
Lair:3:   lab_entry_generic, nicolae_lair_grove_arrangements
Lair:4:   swamp_mist_pool, basic_altar, portal_ice_cave_entry_pillars_02,
          st_stairs_4, beast_lair_carwin_11, serial_bayou_shore_a
Lair:5:   nicolae_spider_entry_orb_guardian, st_stairs_6
Lair:6:   wad_woods_structure_01, guppyfry_snake_entry_garden, uniq_rupert,
          uniq_josephine
Lair:7:   slime_dummy, kennysheep_basilisk_garden, grunt_megastairs_2
Lair:8:   grunt_lair_end_beastmaster, slime_altar_1, infiniplex_staircase_pool,
          grunt_megastairs_4
Swamp:1:  evilmike_swamp_ruin_house_4, uniq_aizul
Swamp:2:  serial_swamp_ruin, evilmike_swamp_ruin_house_3,
          hangedman_swamp_ruin_wall, evilmike_swamp_ruin_wall
Swamp:3:  hangedman_swamp_ruin_hall
Swamp:4:  swamp_old_school
Spider:1: guppyfry_spider_mini_2
Spider:2: nicolae_spider_hall_of_the_moth_king
Spider:3: uniq_arachne
Spider:4: spider_rune_water
Orc:1:    uniq_snorg
Orc:2:    roderic_batcave, uniq_fannar
Orc:3:    nicolae_orc_pool_cavern
Orc:4:    grunt_orc_tribal_feast, serial_shops, shop, shop, shop, shop, shop
Vaults:1: grunt_vaults_focal, ontoclasm_vaults_spin, vaults_dpeg_spiral,
          hangedman_vaults_cutoff, metal_show, vaults_dpeg_cross, v_misc_11,
          hangedman_vaults_stitches, ontoclasm_vaults_loading_screen,
          nicolae_vaults_mini_display_case, vaults_dpeg_hooks,
          nicolae_trove_entry_free_sample
Vaults:2: nicolae_vaults_puzzle_piece, v_rooms_5,
          ontoclasm_vaults_claustrophobia, nicolae_vaults_yaktaur_gun_rack,
          minmay_crypt_entry_necro_gods, hangedman_vaults_maws,
          hangedman_vaults_locks, vaults_room_corners,
          ontoclasm_vaults_ring_square
Vaults:3: nicolae_vaults_little_squares_6, vaults_room_fours,
          vaults_room_hangedman_quadrants, v_alt_pattern_6, v_pattern_4,
          v_misc_16, ontoclasm_vaults_twist, vaults_room_pools,
          ontoclasm_vaults_decontamination, hangedman_vaults_impose,
          ontoclasm_vaults_fault, nicolae_vaults_circle_grid_a, serial_shops,
          nicolae_shop_trees
Vaults:4: vaults_standard_mumra_x, v_pattern_3, nicolae_vaults_shelves_hall,
          hangedman_vaults_stagger, nicolae_vaults_stairing_the_circle,
          nicolae_vaults_three_branches, v_misc_11,
          ontoclasm_vaults_ring_square, vaults_dpeg_diagonal, sword_in_stone
Crypt:1:  uniq_mennas
Crypt:3:  lightli_unholy_cathedral, tomb_entry_simple_bobbens,
          lemuel_hellish_altar
Depths:1: kennysheep_another_room, grunt_hell_horde, serial_shops, shop_statue,
          hangedman_aerie_drop, uniq_sojobo, uniq_saint_roka, uniq_nikola
Depths:2: constructs_gauntlet_mu_hangedman, hangedman_decor_points, hell_entry,
          rand_demon_pan_entry_8, infiniplex_staircase_diamond
Depths:3: kennysheep_six_static_rooms, hangedman_decor_lopped, hell_entry,
          rand_demon_pan_entry_5, minmay_misc_feat_rows, spider_trap,
          grunt_decor_one_mirror, minmay_pinched_square
Depths:4: minmay_strange_plus, enter_ziggurat_f, hell_entry,
          abyss_entry_flame_altar, columned_hall_lemuel, kennysheep_four_rooms
Lab:      nicolae_lab_plus
Trove:    trove_library
Ossuary:  ossuary_tomb_2
IceCv:    ice_cave_caverns_02

Action                   |  1- 3 |  4- 6 |  7- 9 | 10-12 | 13-15 | 16-18 | 19-21 | 22-24 || total
-------------------------+-------+-------+-------+-------+-------+-------+-------+-------++-------
Melee: Dagger            |    61 |   173 |   239 |   330 |   964 |   733 |  1178 |   855 ||  4533
       Short sword       |       |       |       |       |       |       |     5 |       ||     5
       Rapier            |       |       |       |       |       |       |    61 |   274 ||   335
 Fire: Blowgun           |       |       |       |     8 |     3 |     1 |     6 |       ||    18
       Longbow           |       |       |       |       |       |     1 |    49 |    46 ||    96
Throw: Stone             |     1 |    12 |     4 |     7 |       |       |       |       ||    24
       Throwing net      |       |       |       |       |     1 |     1 |       |       ||     2
 Cast: Corona            |     9 |       |       |       |       |       |       |       ||     9
       Ensorcelled Hiber |     7 |    35 |    38 |    95 |   141 |    57 |    50 |     8 ||   431
       Confuse           |       |     7 |    14 |    27 |    54 |   116 |   156 |    67 ||   441
       Tukima's Dance    |       |       |    10 |     2 |    15 |     5 |   102 |    55 ||   189
       Dazzling Spray    |       |       |     1 |    15 |    22 |    10 |    17 |     6 ||    71
       Cause Fear        |       |       |       |       |     1 |     1 |     2 |       ||     4
       Shroud of Golubri |       |       |       |       |       |     1 |       |     3 ||     4
       Blink             |       |       |       |       |       |     2 |     1 |       ||     3
       Mass Confusion    |       |       |       |       |       |       |    34 |    24 ||    58
       Gell's Gravitas   |       |       |       |       |       |       |     1 |       ||     1
       Repel Missiles    |       |       |       |       |       |       |       |     6 ||     6
       Passage of Golubr |       |       |       |       |       |       |       |     2 ||     2
       Invisibility      |       |       |       |       |       |       |       |     9 ||     9
Invok: Shadow Step       |       |       |       |       |     8 |    15 |     6 |     5 ||    34
       Shadow Form       |       |       |       |       |       |       |     1 |       ||     1
 Abil: Evoke Invisibilit |       |       |       |     1 |     6 |     4 |    10 |     5 ||    26
       Evoke Teleportati |       |       |       |     1 |       |       |       |       ||     1
       Stop Flying       |       |       |       |       |     1 |       |       |       ||     1
       Evoke Flight      |       |       |       |       |     1 |       |       |       ||     1
Evoke: Wand              |       |       |       |       |     1 |     2 |    17 |     5 ||    25
       Phial of floods   |       |       |       |       |     1 |     2 |     4 |     2 ||     9
       Rod               |       |       |       |       |       |     2 |       |     2 ||     4
       Phantom mirror    |       |       |       |       |       |       |     1 |       ||     1
  Use: Potion            |     1 |       |     2 |     3 |     4 |     2 |     3 |     8 ||    23
       Scroll            |       |     4 |    15 |    14 |    15 |    11 |     9 |    26 ||    94
 Stab: Sleeping          |     8 |    18 |    45 |   104 |   195 |   109 |    85 |    78 ||   642
       Confused          |       |     4 |     7 |    10 |    26 |    50 |    76 |    47 ||   220
       Distracted        |       |       |     1 |       |    10 |     5 |    13 |     7 ||    36
       Invisible         |       |       |       |    11 |    31 |    12 |    43 |    65 ||   162
       Fleeing           |       |       |       |       |     1 |       |       |       ||     1
       Held in net/web   |       |       |       |       |     1 |       |       |       ||     1
  Eat: Chunk             |     2 |    12 |    14 |    17 |    29 |     9 |    29 |    21 ||   133
       Bread ration      |       |       |     1 |       |       |     2 |     4 |     4 ||    11
       Beef jerky        |       |       |       |     2 |       |     2 |       |     2 ||     6
       Pizza             |       |       |       |     1 |     1 |       |       |       ||     2
       Meat ration       |       |       |       |       |     2 |     2 |       |     2 ||     6
       Fruit             |       |       |       |       |       |     1 |     1 |       ||     2
       Royal jelly       |       |       |       |       |       |       |     1 |       ||     1
